Get step-by-step instructions on how to execute this build order below. Start the game timer, and the build order will tick by so you can play in parallel with StarCraft on a second screen or mobile device.

Game Time

  0:00

Last Step

  N/A

Next Step

  12  0:00  Probe  

Upcoming Step

  13  0:13  Probe  

Don't want to look back and forth between 2 screens? Try out our Overwolf App, the Spawning Tool Build Advisor to get an in-game overlay with this build!

Complete Build Order

  12  0:00  Probe  
  13  0:13  Probe  
  14  0:18  Pylon  
  14  0:25  Probe  
  15  0:35  Probe  
  15  0:40  Gateway  
  16  0:43  Probe  
  16  0:49  Assimilator  
  17  0:51  Probe  
  18  1:03  Probe  
  19  1:15  Probe  
  20  1:30  Nexus  
  20  1:40  Cybernetics Core  
  20  1:46  Assimilator  
  20  1:48  Probe  
  21  1:58  Pylon  
  21  2:01  Probe  
  22  2:08  Adept  
  22  2:13  Probe  
  23  2:21  Stargate  
  25  2:25  Probe  
  26  2:30  Warp Gate  
  25  2:37  Probe  
  25  2:40  Adept  
  28  2:44  Probe  
  28  2:47  Probe  
  30  2:52  Probe  
  30  2:56  Probe  
  30  2:58  Phoenix  
  31  3:00  Probe  
  31  3:04  Probe  
  33  3:10  Probe  
  37  3:15  Pylon  
  37  3:18  Probe  
  38  3:23  Probe  
  39  3:30  Probe  
  40  3:34  Sentry  
  40  3:35  Probe  
  40  3:38  Gateway  
  40  3:40  Oracle  
  44  3:43  Probe  
  44  3:47  Probe  
  46  3:51  Assimilator  
  46  3:55  Assimilator, Probe  
  47  3:58  Twilight Council  
  47  3:59  Probe  
  48  4:07  Probe  
  49  4:11  Probe  
  49  4:15  Robotics Facility  
  50  4:18  Gateway  
  50  4:19  Probe  
  50  4:23  Probe  
  52  4:24  Pylon  
  52  4:25  Charge  
  52  4:33  Probe  
  52  4:35  Probe  
  54  4:45  Probe  
  55  4:47  Probe  
  55  4:49  Pylon  
  56  4:54  Pylon  
  56  4:57  Probe  
  56  4:59  Probe  
  58  5:00  Pylon  
  58  5:09  Probe  
  58  5:10  Nexus  
  58  5:11  Probe  
  58  5:12  Pylon  
  60  5:14  Pylon  
  57  5:22  Adept  
  57  5:23  Adept x2  
  63  5:30  Probe x2  
  63  5:35  Immortal  
  65  5:43  Nexus  
  65  5:46  Pylon  
  65  5:48  Gateway, Pylon  
  69  5:50  Gateway  
  69  5:56  Gateway  
  69  5:57  Forge  
  69  6:07  Adept x3, Shield Battery  
  75  6:17  Warp Prism  
  75  6:22  Probe x2  
  81  6:27  Protoss Ground Weapons Level 1  
  81  6:32  Templar Archives  
  79  6:36  Gateway x2  
  79  6:41  Probe x2  
  81  6:47  Zealot x3  
  81  6:53  Probe  
  88  7:07  Assimilator, Gateway, Pylon  
  88  7:08  Gateway  
  88  7:10  Assimilator  
  88  7:25  Zealot x5  
  88  7:26  Zealot  
  100  7:35  Probe x3  
  103  7:46  Gateway  
  103  7:47  Psionic Storm, Probe x2  
  103  7:48  Probe, Gateway  
  102  7:55  High Templar x2  
  102  7:56  High Templar x4  
  106  8:05  Gateway  
  106  8:07  Gateway, Archon x3  
  106  8:13  High Templar x3  
  106  8:14  High Templar  
  114  8:26  Nexus  
  114  8:27  Pylon  
  114  8:30  Pylon  
  114  8:40  Zealot x2, Immortal  
  114  8:41  Zealot x2  
  112  8:50  Gateway  
  112  8:51  Gateway  
  112  8:53  Gateway  
  116  8:57  Robotics Facility  
  116  8:58  Zealot x2, High Templar  
  116  8:59  High Templar  
  116  9:00  Zealot  
  116  9:01  Zealot x2  
  116  9:02  Zealot  
  130  9:15  Probe x2  
  132  9:18  Warp Prism  
  134  9:34  High Templar x3  
  140  9:40  Pylon, Immortal  
  140  9:41  Probe, Pylon  
  140  9:42  Probe x3  
  140  9:43  Pylon  
  140  9:44  Pylon  
  140  9:45  Immortal  
  144  9:51  Forge  
  152  10:00  Archon  
  152  10:02  Zealot, High Templar  
  152  10:03  High Templar x3  
  152  10:04  Zealot  
  164  10:08  Archon  
  164  10:24  Immortal  
  168  10:32  Zealot x3  
  168  10:33  Zealot x3  
  168  10:34  Zealot x4  
  129  10:51  Zealot x4  
  129  10:52  Zealot x3  
  139  11:06  Zealot x3  
  139  11:07  Zealot x2  
  118  11:27  Zealot x5